 Dungeon Crawl Stone Soup version 0.25.1-2-g60ff931df9 (webtiles) character file.

Game seed: 9022271724460851832

198 Revguard the Firebug (level 5, -6/48 HPs)
             Began as an Ogre Fire Elementalist on Aug 12, 2020.
             Mangled by Edmund
             ... wielding a +2 flail of protection
              (8 damage)
             ... on level 4 of the Dungeon.
             The game lasted 00:09:42 (2824 turns).

Revguard the Firebug (Ogre Fire Elementalist)       Turns: 2824, Time: 00:09:43

Health: -6/48      AC:  4    Str: 11 (12) XL:     5   Next: 76%
Magic:  9/9        EV: 10    Int: 16 (17) God:
Gold:   56         SH:  0    Dex:  8 (9)  Spells: 2/10 levels left

rFire    . . .     SeeInvis .   k - +0 mace
rCold    . . .     Gourm    .   (no shield)
rNeg     . . .     Faith    .   a - +0 robe
rPois    .         Spirit   .   (helmet restricted)
rElec    .         Reflect  .   m - +0 cloak
rCorr    .         Harm     .   (gloves unavailable)
MR       .....                  (boots unavailable)
Stlth    +.........             (no amulet)
HPRegen  0.16/turn              (no ring)
MPRegen  0.11/turn              (no ring)

@: very slightly contaminated
A: large, unfitting armour, tough skin 1
a: no special abilities


You were on level 4 of the Dungeon.
You were not hungry.

You visited 1 branch of the dungeon, and saw 4 of its levels.

You collected 56 gold pieces.

Inventory:

Hand Weapons
 i - a +0 club
 k - a +0 mace (weapon)
Armour
 a - a +0 robe (worn)
 m - a +0 cloak (worn)
Scrolls
 e - a scroll of remove curse {unknown}
 g - a scroll of teleportation {unknown}
 j - a scroll of fog {unknown}
 l - 2 scrolls of amnesia {unknown}
 n - a scroll of magic mapping {unknown}
 o - 2 scrolls of identify {unknown}
Potions
 b - a potion of brilliance {unknown}
Comestibles
 c - 6 rations


   Skills:
 + Level 1.3 Fighting
 + Level 0.7 Maces & Flails
 + Level 2.2 Dodging
 - Level 1.4 Stealth
 + Level 3.2 Spellcasting
 * Level 3.0 Conjurations
 * Level 1.0 Hexes
 + Level 3.5 Fire Magic


You had 2 spell levels left.
You knew the following spells:

 Your Spells              Type           Power        Failure   Level  Hunger
a - Foxfire               Conj/Fire      ##..         4%          1    None
b - Inner Flame           Hex/Fire       #.......     22%         3    ###....
c - Sticky Flame          Conj/Fire      ##......     43%         4    ####...

Your spell library contained the following spells:

 Spells                   Type           Power        Failure   Level  Hunger
 Conjure Flame            Conj/Fire      ##......     14%         3    ###....
 Confusing Touch          Hex            #.......     34%         3    ###....
 Gell's Gravitas          Tloc           #.........   50%         3    ###....
 Fireball                 Conj/Fire      ##........   78%         5    ######.
 Petrify                  Tmut/Erth      #.......     88%         4    ####...
 Metabolic Englaciation   Hex/Ice        #.........   99%         5    ######.
 Yara's Violent Unravell  Hex/Tmut       #.........   99%         5    ######.


Dungeon Overview and Level Annotations

Branches:
Dungeon (4/15)
 Temple: D:4-7

Altars:

Annotations:
D:4 Edmund


Innate Abilities, Weirdness & Mutations

You are too large for most types of armour.
You have tough skin. (AC +1)


Message History

You bump into the stone wall.
Edmund hits you with a +2 flail of protection.
* * * LOW HITPOINT WARNING * * *
You feel less invigorated.
You feel less confused.
You feel better.
Edmund hits you with a +2 flail of protection.
Casting: Sticky Flame (quite dangerous; 43% risk of failure)
Confirm with . or Enter, or press ? or * to list all spells.
You conjure some foxfire!
Edmund hits you with a +2 flail of protection!
* * * LOW HITPOINT WARNING * * *
You hit Edmund but do no damage.
Edmund is heavily wounded.
The foxfire hits Edmund.
Edmund is heavily wounded.
Edmund hits you with a +2 flail of protection!
* * * LOW HITPOINT WARNING * * *
Edmund hits you with a +2 flail of protection!
You die...

##########
#......@.#
....####@# # #.#
#.# #.# #.#
#######.####.# #.#
...........#.# #.#
###.##.##.#.# #.#
#.##.##.#.#######.#
###
#.##.##....#)..##.#
#


You could see Edmund.

Vanquished Creatures
  A centaur skeleton (D:4)
  A worker ant (D:4)
  Natasha (twice) (D:4)
  5 adders
  3 oozes
  A worm (D:2)
  2 dart slugs
  3 leopard geckos
  An orc (D:4)
  2 giant cockroaches
  5 goblins
  2 hobgoblins
  3 bats (D:2)
  A frilled lizard (D:2)
  2 kobolds
  A rat (D:2)
35 creatures vanquished.

Vanquished Creatures (others)
  138 foxfires
138 creatures vanquished.

Grand Total: 173 creatures vanquished

Notes
Turn   | Place    | Note
-------+----------+-------------------------------------------
     0 | D:1      | Revguard the Ogre Fire Elementalist began the quest for the
                  | Orb.
     0 | D:1      | Reached XP level 1. HP: 16/16 MP: 3/3
   143 | D:1      | Reached skill level 1 in Conjurations
   467 | D:1      | Reached XP level 2. HP: 26/26 MP: 2/5
  1206 | D:2      | Reached skill level 1 in Fighting
  1206 | D:2      | Reached XP level 3. HP: 23/33 MP: 0/7
  1273 | D:2      | Learned a level 3 spell: Inner Flame
  1449 | D:2      | Reached XP level 4. HP: 25/41 MP: 3/8
  1455 | D:2      | Learned a level 4 spell: Sticky Flame
  2017 | D:3      | You fall into a shaft and drop 1 floor!
  2262 | D:4      | Reached XP level 5. HP: 48/48 MP: 5/9
  2573 | D:4      | Noticed Natasha
  2578 | D:4      | Killed Natasha
  2634 | D:4      | Noticed Natasha
  2651 | D:4      | Killed Natasha
  2651 | D:4      | Reached skill level 1 in Hexes
  2774 | D:4      | Noticed Edmund
  2811 | D:4      | HP: 2/48 [something (14)]
  2823 | D:4      | HP: 2/48 [Edmund/+2 flail of protection (8)]
  2824 | D:4      | Mangled by Edmund

Illustrated notes

Levels and vault maps discovered:
D:1:      lemuel_arrival_lava_pool, layout_basic, serial_forest,
          infiniplex_forest_lined_3_way, infiniplex_forest_clump_curved,
          infiniplex_forest_corner_1, infiniplex_forest_zigzag_1,
          infiniplex_forest_clump_C, infiniplex_forest_clump_diagonal,
          minmay_misc_feat_enclosed
D:2:      layout_rooms, nrook_loot_triangle
D:3:      layout_rooms
D:4:      layout_loops_ring, first_ration, uniq_edmund, uniq_natasha

Skill      XL: |  1  2  3  4  5 |
---------------+----------------+-----
Conjurations   | 1 2 3 |  3.0
Fire Magic     | 3 |  3.5
Fighting       | 1 |  1.3
Dodging        | 2 |  2.2
Spellcasting   | 3 |  3.2
Hexes          | 1 |  1.0
Maces & Flails | |  0.7
Stealth        | |  1.4

Action                   |  1- 3 |  4- 6 || total
-------------------------+-------+-------++-------
Melee: Club              |    19 |     1 ||    20
       Unarmed           |     8 |       ||     8
       Mace              |       |    34 ||    34
 Cast: Foxfire           |    41 |    49 ||    90
       Sticky Flame      |       |     2 ||     2
  Use: Potion            |       |     6 ||     6
  Eat: Chunk             |     2 |     1 ||     3
       Ration            |       |     1 ||     1
Armor: Robe              |    10 |    14 ||    24
Dodge: Dodged            |    25 |    35 ||    60
